 Dungeon Crawl Stone Soup version 0.25-a0-424-g80bd347 (webtiles) character file.

Game seed: 9311974047728710192, levelgen mode: deterministic

4037 Firecrotchwizard the Fighter (level 10, 0/111 HPs)
             Began as an Ogre Berserker on Jan 20, 2020.
             Was an Elder of Trog.
             Slain by a worker ant (5 damage)
             ... on level 8 of the Dungeon.
             The game lasted 00:22:54 (9598 turns).

Firecrotchwizard the Fighter (Ogre Berserker)       Turns: 9598, Time: 00:22:54

Health: 0/111      AC:  4    Str: 26    XL:     10   Next: 24%
Magic:  10/10      EV: 10    Int:  8    God:    Trog [****..]
Gold:   301        SH:  0    Dex:  8    Spells: 9/9 levels left

rFire    . . .     SeeInvis +   x - +1 flail
rCold    + . .     Gourm    .   (no shield)
rNeg     . . .     Faith    .   b - +1 animal skin
rPois    .         Spirit   .   (helmet restricted)
rElec    .         Reflect  .   (no cloak)
rCorr    .         Harm     .   (gloves unavailable)
MR       +....                  (boots unavailable)
Stlth    +.........             (no amulet)
HPRegen  0.28/turn              o - ring of protection from cold {rC+, !d}
MPRegen  0.12/turn              A - ring of see invisible {sInv, !d}

@: lethally poisoned (0 -> -1), berserk cooldown, slowed, very slow
A: large, unfitting armour, tough skin 1
a: Berserk, Trog's Hand, Brothers in Arms, Renounce Religion


You were on level 8 of the Dungeon.
You worshipped Trog.
Trog was greatly pleased with you.
You were very hungry.

You visited 1 branch of the dungeon, and saw 8 of its levels.

You collected 301 gold pieces.

Inventory:

Hand Weapons
 a - a +0 mace
 m - a +0 great mace
   (You found it on level 2 of the Dungeon)
 q - a +0 morningstar
   (You took it off an orc on level 6 of the Dungeon)
 x - a +1 flail (weapon)
   (You took it off an orc on level 3 of the Dungeon)
Missiles
 d - 3 boomerangs
 f - 5 large rocks (quivered) {!d}
 p - 12 poisoned darts
 B - 3 throwing nets {=f, !d}
Armour
 b - a +1 animal skin (worn)
Jewellery
 o - a ring of protection from cold (left hand) {rC+, !d}
   (You found it on level 2 of the Dungeon)
 A - a ring of see invisible (right hand) {sInv, !d}
   (You found it on level 5 of the Dungeon)
 C - an uncursed ring of protection from cold {rC+, !d}
   (You found it on level 7 of the Dungeon)
Wands
 r - a wand of flame (3)
   (You found it on level 3 of the Dungeon)
 y - a wand of clouds (2)
   (You found it on level 5 of the Dungeon)
 D - a wand of acid (6)
   (You found it on level 5 of the Dungeon)
Scrolls
 e - 4 scrolls of remove curse
 i - 3 scrolls of teleportation
 l - a scroll of fear
 t - 5 scrolls of identify
 w - a scroll of blinking {!r}
Potions
 g - 3 potions of might
 j - a potion of magic {unknown}
 k - a potion of ambrosia {unknown}
 n - a potion of cancellation {unknown}
 s - 4 potions of curing
 u - a potion of heal wounds {unknown}
 v - a potion of flight {unknown}
 z - 4 potions of mutation {!q}
Comestibles
 c - 16 rations
 h - a chunk of flesh {@w0}


   Skills:
 + Level 10.3 Fighting
 * Level 10.0 Maces & Flails
 + Level 6.7 Throwing
 - Level 2.6 Dodging


You had 9 spell levels left.
You didn't know any spells.
Your spell library was empty.

Dungeon Overview and Level Annotations

Branches:
Dungeon (8/15)             Temple (0/1) D:4
   Lair: D:8-11

Altars:
Ashenzari
Cheibriados
Elyvilon
Hepliaklqana
Kikubaaqudgha
Okawaru
Qazlal
Ru
Uskayaw
Vehumet
Zin
The Shining One

Shops:
D:6 :   D:7 =

Annotations:
D:2 exclusion: adder
D:4 1 runed translucent door, Crazy Yiuf


Innate Abilities, Weirdness & Mutations

You are too large for most types of armour.
You have tough skin. (AC +1)


Message History

The hornet stings you but does no damage.
A quasit comes into view.
The howler monkey hoots and howls with incredible vigour!
The hornet barely misses you.
You hear a shout!
You take 1 damage, and have 120/165 hp.
Unknown command.
You sock the hornet! The hornet closely misses you.
Unknown command.
You miss the hornet.
You feel sick. The hornet barely misses you.
The howler monkey hoots and howls with incredible vigour!
You thump the hornet! The hornet stings you!
You suddenly lose the ability to move!
The howler monkey hoots and howls with incredible vigour!
You feel sick. The hornet stings you!
You feel as though you will be slow longer.
The hornet stings you.
You shrug off the repeated paralysis!
The hornet stings you!
You shrug off the repeated paralysis!
The howler monkey hoots and howls with incredible vigour!
You hear a shout!
You can move again.
You take 32 damage, and have 88/165 hp.
You barely miss the hornet.
You feel sick. The hornet stings you!
You feel as though you will be slow longer.
The hornet stings you!
You feel as though you will be slow longer.
You take 27 damage, and have 61/165 hp.
You hit the hornet.
You kill the hornet!
Trog accepts your kill.
Your Maces & Flails skill increases to level 10!
The howler monkey hoots and howls with incredible vigour! x2
The howler monkey hits you.
You hear a shout!
You take 3 damage, and have 58/166 hp.
Unknown command.
You sock the howler monkey!
The howler monkey hoots and howls with incredible vigour!
Unknown command.
You closely miss the howler monkey.
You are no longer berserk.
Trog's vigour flows through your veins.
You are exhausted.
You feel as though you will be slow longer.
You feel sick.
You now have 38/111 hp.
You bludgeon the howler monkey!!
You kill the howler monkey!
Trog accepts your kill.
A centaur comes into view.
The worker ant bites you but does no damage.
The howler monkey hoots and howls with incredible vigour!
You closely miss the worker ant.
The howler monkey hoots and howls with incredible vigour!
The centaur wields a +0 shortbow.
The centaur shoots an arrow.
The arrow hits you but does no damage. The worker ant bites you.
You take 2 damage, and have 36/111 hp.
You closely miss the worker ant.
You feel sick.
The centaur shoots an arrow.
The arrow hits you.
* * * LOW HITPOINT WARNING * * *
The worker ant bites you but does no damage.
The worker ant bites you.
* * * LOW HITPOINT WARNING * * *
The howler monkey hoots and howls with incredible vigour!
You take 8 damage, and have 28/111 hp.
An orc comes into view.
The orc shouts!
The centaur shoots an arrow.
The arrow closely misses you.
An orc comes into view. It is wielding a +0 flail.
The centaur shoots an arrow.
The arrow hits you.
* * * LOW HITPOINT WARNING * * *
The howler monkey hoots and howls with incredible vigour!
The worker ant bites you.
* * * LOW HITPOINT WARNING * * *
The orc moves out of view.
You see here an arrow.
An orc comes into view. It is wielding a +0 club.
The orc shouts!
The centaur unwields a +0 shortbow.
The centaur hits you.
* * * LOW HITPOINT WARNING * * *
An orc comes into view. It is wielding a +0 dagger.
The worker ant bites you.
* * * LOW HITPOINT WARNING * * *
You hit the centaur.
You feel sick. The centaur hits you.
* * * LOW HITPOINT WARNING * * *
The centaur hits you.
* * * LOW HITPOINT WARNING * * *
The worker ant bites you but does no damage.
An orc comes into view.
An ogre comes into view. It is wielding a +0 giant club.
You take 17 damage, and have 11/111 hp.
You barely miss the centaur.
The orc shouts!
The centaur hits you!
* * * LOW HITPOINT WARNING * * *
The worker ant barely misses you.
The centaur hits you but does no damage.
A bullfrog skeleton comes into view.
The worker ant bites you.
You die...

#.###......[....#.##
#
#.###.###.###<..#.!##
.. #.......>.#
##.##h..#.##
#####o##### #(#
....... #.# #.# .....
#o########.##h.##.#
#o........hh†.....#
#..#######a##5)####
##..# #@# ..... #...#
#c# ...### #.......#
#o# ....# #...#.#.#


#oo .....# ###..... O>. .?....# #.. ... ...o......+ ##....###..o .. .# ##..Z
##### You could see an ogre, a centaur, 2 howler monkeys, a worker ant, 5 orcs
and a bullfrog skeleton (wandering).

Vanquished Creatures
  Harold (D:7)
  A hornet (D:8)
  A spriggan (D:7)
  Sigmund (D:4)
  Menkaure (D:4)
  2 orc warriors
  A sky beast (D:5)
  Duvessa (D:4)
  A black bear (D:6)
  3 phantoms
  5 ogres
  A centaur (D:6)
  3 bullfrogs
  A gnoll sergeant (D:7)
  Dowan (D:4)
  2 scorpions (D:5)
  4 howler monkeys
  3 crimson imps
  A bullfrog zombie (D:5)
  4 hounds
  2 orc wizards
  2 orc priests
  2 iguanas (D:5)
  A centaur skeleton (D:6)
  7 worker ants
  A hound zombie (D:5)
  2 howler monkey skeletons
  8 gnolls
  5 adders
  2 shadow imps (D:7)
  3 oozes
  An adder skeleton (D:6)
  7 worms
  2 dart slugs
  A leopard gecko (D:6)
  20 orcs
  2 ball pythons
  9 bats
  5 giant cockroaches
  9 hobgoblins
  12 jackals
  2 quokkas
  5 frilled lizards
  4 goblins
  A jackal skeleton (D:7)
  A jackal zombie (D:5)
  5 kobolds
  2 rats
  A fungus (D:4)
162 creatures vanquished.

Notes
Turn   | Place    | Note
-------+----------+-------------------------------------------
     0 | D:1      | Firecrotchwizard the Ogre Berserker began the quest for the
                  | Orb.
     0 | D:1      | Reached XP level 1. HP: 24/24 MP: 1/1
    53 | D:1      | Reached skill level 3 in Maces & Flails
    53 | D:1      | Reached XP level 2. HP: 11/32 MP: 2/2
   530 | D:1      | Reached XP level 3. HP: 34/40 MP: 3/3
  1616 | D:2      | Reached XP level 4. HP: 39/49 MP: 4/4
  1744 | D:2      | Reached skill level 4 in Maces & Flails
  1814 | D:2      | Reached skill level 5 in Fighting
  1821 | D:2      | HP: 9/50 [worm (9)]
  1822 | D:2      | Reached ** piety under Trog
  1826 | D:2      | HP: 8/50 [poisoned by an adder]
  1834 | D:2      | HP: 7/50 [poisoned by an adder]
  2177 | D:2      | Found a hide-covered altar of Uskayaw.
  2648 | D:3      | Reached XP level 5. HP: 52/57 MP: 5/5
  2743 | D:3      | Found a glowing golden altar of the Shining One.
  2777 | D:3      | Reached skill level 1 in Throwing
  3361 | D:3      | HP: 12/57 [orc/+0 flail (10)]
  3623 | D:4      | Reached XP level 6. HP: 35/67 MP: 6/6
  3693 | D:4      | Noticed a phantom
  3721 | D:3      | Killed a phantom
  3721 | D:3      | Reached skill level 5 in Maces & Flails
  3912 | D:4      | Found a runed translucent door.
  3913 | D:4      | Noticed Crazy Yiuf
  3930 | D:4      | Found a staircase to the Ecumenical Temple.
  3952 | D:4      | Reached skill level 6 in Fighting
  3952 | D:4      | Reached skill level 2 in Throwing
  4014 | D:4      | Noticed Duvessa
  4046 | D:4      | Killed Duvessa
  4046 | D:4      | Reached XP level 7. HP: 75/75 MP: 7/7
  4053 | D:4      | Noticed Dowan
  4116 | D:4      | Killed Dowan
  4131 | D:4      | Noticed Sigmund
  4306 | D:4      | Killed Sigmund
  4306 | D:4      | Reached skill level 6 in Maces & Flails
  4306 | D:4      | Reached skill level 3 in Throwing
  4621 | D:4      | Noticed Menkaure
  4623 | D:4      | Killed Menkaure
  4623 | D:4      | Reached skill level 7 in Fighting
  4623 | D:4      | Reached XP level 8. HP: 87/87 MP: 8/8
  4696 | D:5      | Entered Level 5 of the Dungeon
  5263 | D:5      | Reached *** piety under Trog
  5290 | D:5      | Reached skill level 7 in Maces & Flails
  5290 | D:5      | Reached skill level 4 in Throwing
  5844 | D:5      | Reached skill level 8 in Fighting
  6647 | D:6      | Reached skill level 8 in Maces & Flails
  6647 | D:6      | Reached XP level 9. HP: 97/97 MP: 9/9
  6657 | D:6      | Reached skill level 5 in Throwing
  7012 | D:6      | Reached skill level 9 in Fighting
  7015 | D:6      | Found Loqiut's Book Boutique.
  7883 | D:6      | Found a radiant altar of Vehumet.
  8358 | D:6      | Reached skill level 9 in Maces & Flails
  8610 | D:7      | Found an iron altar of Okawaru.
  8611 | D:7      | Found an ancient bone altar of Kikubaaqudgha.
  8611 | D:7      | Found a shattered altar of Ashenzari.
  8611 | D:7      | Found a hazy altar of Hepliaklqana.
  8625 | D:7      | Found a glowing silver altar of Zin.
  8625 | D:7      | Found a snail-covered altar of Cheibriados.
  8632 | D:7      | Identified the +4 shortbow of Valour {speed, rF- rN+ Str+3}
                  | (You found it on level 7 of the Dungeon)
  8797 | D:7      | Found Xuuprusk's Jewellery Shop.
  8798 | D:7      | Noticed Harold
  8818 | D:7      | Killed Harold
  8818 | D:7      | Reached skill level 10 in Fighting
  8818 | D:7      | Reached skill level 6 in Throwing
  8818 | D:7      | Reached XP level 10. HP: 94/110 MP: 1/10
  9025 | D:7      | Found a stormy altar of Qazlal.
  9025 | D:7      | Found a sacrificial altar of Ru.
  9025 | D:7      | Found a white marble altar of Elyvilon.
  9565 | D:8      | Reached **** piety under Trog
  9578 | D:8      | Paralysed by a hornet for 3 turns
  9585 | D:8      | Paralysed by a hornet for 2 turns
  9589 | D:8      | Reached skill level 10 in Maces & Flails
  9595 | D:8      | HP: 24/111 [centaur/arrow (4)]
  9597 | D:8      | HP: 11/111 [centaur (1)]
  9598 | D:8      | HP: 5/111 [centaur (7)]
  9598 | D:8      | Slain by a worker ant

Levels and vault maps discovered:
D:1:      evilmike_arrival_run_for_it, layout_rooms, serial_bayou_pond_d,
          minmay_pentomino_w2
D:2:      layout_loops_cross, eat_drink_and_be_merry_uskayaw,
          hangedman_decor_points
D:3:      layout_rooms, nicolae_tso_carved_into_rock, first_ration,
          dk_noncrumbling_2
D:4:      layout_rooms, minmay_temple_entry_tees, uniq_duvessa, uniq_sigmund,
          uniq_menkaure, uniq_crazy_yiuf_cottage
D:5:      layout_loops_ring
D:6:      minmay_inner_zag, layout_basic, kennysheep_mini_moat, serial_shops,
          shop, nicolae_ossuary_entry_plus
D:7:      layout_rooms, minmay_overflow_temple_hex,
          gammafunk_temple_overflow_forgotten, serial_shops, shop, the_bakery,
          uniq_harold
D:8:      layout_loops_corners, led_sif_pool

Skill      XL: |  1  2  3  4  5  6  7  8  9 10 |
---------------+-------------------------------+-----
Maces & Flails | 3 4 5 6 8 9 10 | 10.0
Fighting       | 5 6 7 8 10 | 10.3
Throwing       | 1 2 3 4 6 |  6.7
Dodging        | |  2.6

Action                   |  1- 3 |  4- 6 |  7- 9 | 10-12 || total
-------------------------+-------+-------+-------+-------++-------
Melee: Mace              |   105 |   150 |       |       ||   255
       Flail             |       |    33 |   314 |    40 ||   387
       Morningstar       |       |       |     2 |       ||     2
Throw: Large rock        |       |     5 |     6 |       ||    11
Invok: Berserk           |     1 |     2 |     5 |     2 ||    10
       Trog's Hand       |       |       |     3 |       ||     3
Evoke: Wand              |       |       |    16 |       ||    16
  Use: Scroll            |       |       |    13 |       ||    13
 Stab: Distracted        |       |       |     1 |       ||     1
  Eat: Chunk             |     3 |     9 |    18 |     4 ||    34
       Ration            |       |       |     1 |       ||     1
Armor: Animal skin       |    28 |    60 |    52 |     8 ||   148
Dodge: Dodged            |    55 |   107 |   141 |    19 ||   322

Table legend:
 A = Non-vault XP
 B = Vault XP
 C = Vault XP percentage of total XP
 D = Non-vault monster count
 E = Vault monster count
 F = Vault count percentage of total count
                 A         B        C        D         E       F
            +---------+---------+-------+---------+---------+-------
      Total |    3615 |    2153 |  37.3 |     149 |      12 |   7.5
            +---------+---------+-------+---------+---------+-------
        D:1 |      42 |       6 |  12.5 |      20 |       2 |   9.1
        D:2 |      78 |       0 |   0.0 |      21 |       0 |   0.0
        D:3 |     270 |       0 |   0.0 |      22 |       0 |   0.0
        D:4 |     238 |     602 |  71.7 |      11 |       4 |  26.7
        D:5 |    1104 |       0 |   0.0 |      19 |       0 |   0.0
        D:6 |     676 |     333 |  33.0 |      24 |       4 |  14.3
        D:7 |     819 |    1212 |  59.7 |      27 |       2 |   6.9
        D:8 |     388 |       0 |   0.0 |       5 |       0 |   0.0
            +---------+---------+-------+---------+---------+-------

Levels and vault maps discovered:
D:1:      evilmike_arrival_run_for_it, layout_rooms, serial_bayou_pond_d,
          minmay_pentomino_w2
D:2:      layout_loops_cross, eat_drink_and_be_merry_uskayaw,
          hangedman_decor_points
D:3:      layout_rooms, nicolae_tso_carved_into_rock, first_ration,
          dk_noncrumbling_2
D:4:      layout_rooms, minmay_temple_entry_tees, uniq_duvessa, uniq_sigmund,
          uniq_menkaure, uniq_crazy_yiuf_cottage
D:5:      layout_loops_ring
D:6:      minmay_inner_zag, layout_basic, kennysheep_mini_moat, serial_shops,
          shop, nicolae_ossuary_entry_plus
D:7:      layout_rooms, minmay_overflow_temple_hex,
          gammafunk_temple_overflow_forgotten, serial_shops, shop, the_bakery,
          uniq_harold
D:8:      layout_loops_corners, led_sif_pool

Table legend:
 A = Turns spent in this place as a percentage of turns spent in the entire game.
 B = Non-inter-level travel turns spent in this place as a percentage of non-inter-level travel turns spent in the entire game.
 C = Inter-level travel turns spent in this place as a percentage of turns spent in this place.
 D = Turns resting spent in this place as a percentage of non-inter-level travel turns spent in this place.
 E = Turns spent auto-exploring this place as a percentage of non-inter-level travel turns spent in this place.
 F = Non-inter-level travel turns spent in this place divided by the number of levels of this place that you've seen.
                   A       B       C       D       E      F
               +-------+-------+-------+-------+-------+----------------------
         Total | 100.0 | 100.0 |   1.6 |  50.3 |  28.6 | 1181.1
       Dungeon | 100.0 | 100.0 |   1.6 |  50.3 |  28.6 | 1181.1
               +-------+-------+-------+-------+-------+----------------------

Table legend:
 A = Kills in this place as a percentage of kills in entire the game.
 B = Kills by you in this place as a percentage of kills by you in the entire game.
 C = Kills by friends in this place as a percentage of kills by friends in the entire game.
 D = Other kills in this place as a percentage of other kills in the entire game.
 E = Experience gained in this place as a percentage of experience gained in the entire game.
 F = Experience gained in this place divided by the number of levels of this place that you have seen.
                   A       B       C       D       E      F
               +-------+-------+-------+-------+-------+----------------------
         Total | 100.0 | 100.0 |   N/A |   N/A | 100.0 | 721.0
       Dungeon | 100.0 | 100.0 |   N/A |   N/A | 100.0 | 721.0
               +-------+-------+-------+-------+-------+----------------------
